[Event "Blixt-SM 2021"]
[Site "Elite Hotel Marina Plaza, Kungstorget 6, Helsingborg, Sweden"]
[Date "2021.11.14"]
[Round "8.7"]
[White "Troedsson, Anton"]
[Black "Agovic, Seifo"]
[Result "1-0"]
[TimeControl "3 minutes + 2 seconds per move."]
[WhiteFideId "1746006"]
[BlackFideId "1702360"]
[WhiteElo "2104"]
[BlackElo "1910"]

1. Nf3 Nf6 2. b3 e6 3.
Bb2 Be7 4. g3 O-O 5. Bg2 d5 6. O-O c6 7. d4 b6 8. Nbd2 Bb7 9. c4 c5 10.
e3 cxd4 11. Nxd4 Nc6 12. Rc1 Nxd4 13. Bxd4 dxc4 14. Bxb7 Rb8 15. Bg2 cxb3 16. axb3 Bc5 17.
Nf3 Bxd4 18. Nxd4 Nd5 19. Nc6 1-0

[Event "Blixt-SM 2021"]
[Site "Elite Hotel Marina Plaza, Kungstorget 6, Helsingborg, Sweden"]
[Date "2021.11.14"]
[Round "10.6"]
[White "Mauritsson, Sebastian"]
[Black "Rasti, Arvin"]
[Result "1-0"]
[TimeControl "3 minutes + 2 seconds per move."]
[WhiteTitle "FM"]
[WhiteFideId "1707892"]
[BlackFideId "1741160"]
[WhiteElo "2390"]
[BlackElo "2054"]

1. e4 e6 2. d4 d5 3.
Nc3 Nf6 4. Bg5 dxe4 5. Nxe4 Be7 6. Bxf6 gxf6 7. Qd3 f5 8. Nc3 a6 9. O-O-O b5 10. d5 b4 11. Nce2 e5 12.
Ng3 e4 13. Qd4 Bf6 14. Qxb4 a5 15. Qa3 Qd6 16. Qxd6 cxd6 17. Nh5 Bg5+ 18. Kb1 O-O 19. Nh3 Be7 20. N3f4 Ba6 21. Rg1 Nd7 22. Bxa6 Rxa6 23. g4 fxg4 24. Rxg4+ Kh8 25. Rdg1 a4 26. R1g3 Rb6 27. Rg7 a3 28.
b3 Nf6 29. c4 Nd7 30. Kc2 Nc5 31.
Rh3 h6 32. Rg4 Bg5 33. Ng3 Kg7 34. Nf5+ Kf6 35. Nxh6 Rh8 36. Nh5+ Kg6 37. Rxg5+ Kxg5 38. Nxf7+ Kg4 39. Rg3+ Kxh5 40. Nxh8 Rb8 41. Nf7 Rf8 42. Rg7 Kh4 43. b4 Na6 44.
Kc3 Nb8 45. c5 dxc5 46. bxc5 Nd7 47. Kd4 Nf6 48. d6 Ng4 49. d7 Nxf2 1-0

[Event "Blixt-SM 2021"]
[Site "Elite Hotel Marina Plaza, Kungstorget 6, Helsingborg, Sweden"]
[Date "2021.11.14"]
[Round "12.4"]
[White "Mauritsson, Sebastian"]
[Black "Kucuksari, Kaan"]
[Result "0-1"]
[TimeControl "3 minutes + 2 seconds per move."]
[WhiteTitle "FM"]
[BlackTitle "FM"]
[WhiteFideId "1707892"]
[BlackFideId "6380166"]
[WhiteElo "2390"]
[BlackElo "2301"]

1. e4 c5 2. Nf3 d6 3. d4 cxd4 4. Nxd4 Nf6 5. Nc3 Nc6 6.
Bc4 e6 7. Be3 Be7 8. Qe2 a6 9. O-O-O Bd7 10. Bb3 Na5 11. g4 h5 12. h3 h4 13. f4 Rc8 14. Kb1 Rxc3 15. bxc3 Nxe4 16.
Qe1 Nxb3 17. cxb3 Qa5 18. Bd2 d5 19. Rf1 O-O 20. c4 Qb6 21. Be3 Bb4 22. Nc2 Bxe1 23. Bxb6 Nc3+ 24. Kc1 Nxd1 25. Kxd1 Bg3 26. c5 Bb5 27. Rf3 g5 28. Bc7 Rc8 29.
Bd6 Bxf4 30. Bxf4 gxf4 31. Rxf4 Rxc5 32. Nd4 Rc3 33. Nxb5 axb5 34. a4 Rxb3 35. a5 Ra3 36. g5 Ra4 37. Rf6 Kg7 38. Rh6 Rxa5 39.
Rxh4 Ra4 40. Rh6 Rf4 41. h4 b4 42. Kc2 Rf3 43. h5 Rf5 44.
Rf6 0-1

[Event "Blixt-SM 2021"]
[Site "Elite Hotel Marina Plaza, Kungstorget 6, Helsingborg, Sweden"]
[Date "2021.11.14"]
[Round "1.7"]
[White "Eriksson, Karl"]
[Black "Neretljak, Nedzad"]
[Result "0-1"]
[TimeControl "3 minutes + 2 seconds per move."]
[WhiteFideId "1724037"]
[BlackFideId "1713132"]
[WhiteElo "1703"]
[BlackElo "2148"]

1. e4 e6 2. d4 d5 3. e5 c5 4. c3 a6 5. Nf3 Nc6 6. a3 b5 7. b4 cxd4 8.
cxd4 Qb6 9. Bd3 Bd7 10. Be3 Rc8 11. O-O a5 12. bxa5 Nxa5 13. Nbd2 Nc4 14. Qb3 Qa6 15. Rfc1 Ne7 16.
Ng5 Nf5 17. Bxf5 exf5 18. Nh3 Be7 19. Nf4 Qa8 20. Nd3 O-O 21. Nb4 f6 22. Nf3 fxe5 23. Nxe5 Be6 24. f4 Bf6 25. Bf2 Nd2 26. Qd3 Ne4 27. Rxc8 Rxc8 28. Qxb5 Rb8 29. Qc6 Qxc6 30.
Nbxc6 Rb2 31. Nd3 Rd2 32. Ncb4 Nxf2 33. Nxf2 Bxd4 34. Rf1 Be3 35. g3 d4 36. a4 Rb2 37. Nbd3 Ra2 38. Kg2 Bd5+ 39. Kh3 Rxa4 40. Ne5 g6 41. Nd1 Ra2 42. Nd3 Bg2+ 0-1

[Event "Blixt-SM 2021"]
[Site "Elite Hotel Marina Plaza, Kungstorget 6, Helsingborg, Sweden"]
[Date "2021.11.14"]
[Round "3.5"]
[White "Nilsson, Patrik"]
[Black "Fakhr Eldin, Majed"]
[Result "1-0"]
[TimeControl "3 minutes + 2 seconds per move."]
[WhiteFideId "1708171"]
[BlackFideId "1744054"]
[WhiteElo "2143"]
[BlackElo "1548"]

1. d4 Nf6 2. Bf4 g6 3. Nc3 d5 4. e3 Bg7 5. h4 O-O 6. h5 Nxh5 7. Rxh5 gxh5 8. Qxh5 Qd7 9. Bd3 h6 10. O-O-O Qg4 11. Qh2 Bf5 12.
Be2 Qg6 13. Bh5 Qe6 14. Nf3 Nd7 15.
Nh4 Bg4 16. Bxg4 Qxg4 17. f3 Qe6 18. g4 c5 19. Nf5 cxd4 20. exd4 Rac8 21. Nxh6+ Bxh6 22. Bxh6 Rfd8 23. Bf4 Nb6 24.
Rh1 Qf6 25. Be5 Qg5+ 26. Kb1 f6 27.
Qh7+ Kf8 28. Qh8+ Kf7 29. Qh7+ Ke8 30. Bg3 Nc4 31. Re1 Kd7 32. Qxe7+ Kc6 33. Qc5+ Kd7 34. Re7# 1-0

[Event "Blixt-SM 2021"]
[Site "Elite Hotel Marina Plaza, Kungstorget 6, Helsingborg, Sweden"]
[Date "2021.11.14"]
[Round "5.3"]
[White "Smith, Axel"]
[Black "Wellevit, Tomas"]
[Result "1-0"]
[TimeControl "3 minutes + 2 seconds per move."]
[WhiteTitle "GM"]
[WhiteFideId "1707930"]
[BlackFideId "1731963"]
[WhiteElo "2473"]
[BlackElo "2113"]

1. e4 e6 2. d4 d5 3. exd5 exd5 4. Nf3 Nf6 5. Bd3 Be7 6. O-O O-O 7. h3 Nc6 8.
c3 Be6 9. Re1 Qd7 10. Qc2 g6 11. Bh6 Rfe8 12. Nbd2 Bf8 13. Bxf8 Rxf8 14. Re3 Nh5 15. Rae1 Nf4 16. Bf1 Bf5 17.
Qb3 Na5 18. Qb4 Nc6 19. Qb3 a6 20.
Ne5 Nxe5 21. Rxe5 Be6 22. h4 c6 23. g3 Nh5 24. Qd1 Bg4 25. Be2 Nf6 26. Bxg4 Nxg4 27. Re7 Qc8 28. Nf3 Nf6 29. Ng5 h6 30. Qf3 hxg5 31. Qxf6 gxh4 32.
Qxh4 Qf5 33. Rxb7 Rae8 34. Rbe7 Rxe7 35.
Qxe7 Qc2 36. Qe2 Qf5 37. Qxa6 Kg7 38. Qe2 Qh3 39. Qf1 Qf5 40. Qe2 Qh3 41. Qe5+ Kg8 42. Qe7 Ra8 43. a3 Rb8 44.
b4 Ra8 45. Qf6 Qg4 46. Kg2 Rc8 47. Re7 Rf8 48. Qxc6 1-0

[Event "Blixt-SM 2021"]
[Site "Elite Hotel Marina Plaza, Kungstorget 6, Helsingborg, Sweden"]
[Date "2021.11.14"]
[Round "7.1"]
[White "Smith, Axel"]
[Black "Jepson, Christian"]
[Result "1/2-1/2"]
[TimeControl "3 minutes + 2 seconds per move."]
[WhiteTitle "GM"]
[BlackTitle "IM"]
[WhiteFideId "1707930"]
[BlackFideId "1701185"]
[WhiteElo "2473"]
[BlackElo "2412"]

1. e4 e6 2. d4 d5 3. exd5 exd5 4. Nf3 Nf6 5. Bd3 Bd6 6. Qe2+ Qe7 7. Qxe7+ Kxe7 8. O-O Re8 9. Bg5 Nbd7 10. Re1+ Kf8 11.
Rxe8+ Kxe8 12. Nc3 c6 13. Re1+ Kf8 14. Ne5 h6 15. Bh4 Nb6 16.
Bxf6 gxf6 17. Nf3 Bb4 18.
Re3 Bxc3 19. bxc3 Be6 20. Nh4 Na4 21. Be2 Re8 22.
Kf1 b5 23. Ke1 Bd7 24. Rxe8+ Kxe8 25. Kd2 Ke7 26. Bd3 Nb6 27. g3 Bg4 28. f3 Be6 29. g4 Nc8 30. Ng2 Nd6 31. Ne3 a5 32. a3 a4 33. h4 Bd7 34. Ke2 Kf8 35. Kf2 Ke7 36.
Kg3 Kf8 37. Kf4 Ke7 38. Kg3 Kf8 39. Kf2 Ke7 40. Kg2 Kf8 41. Kg3 Ke7 42. Kf4 Kf8 43. Kg3 Ke7 44. Kf2 Kf8 45. Ke2 Ke7 46. Kf2 Kf8 47. Kg3 Ke7 48.
Kf2 Kf8 49. Ng2 Ke7 50. Ke3 Kf8 51. Nf4 Ke7 52. Nh5 Be6 53. Kf4 Bd7 54. Ng7 Be6 55. Nh5 Bd7 56.
Ng3 Be6 57. Nf1 Bd7 58. Ne3 Be6 59. Kg3 Bd7 60. Kf4 Be6 61. Nf1 Bd7 62. Ng3 Be6 63. Nf1 Bd7 64.
Ne3 Be6 65. Kg3 Bd7 66.
Kf2 Be6 67. Ng2 Bd7 68. Ke3 Be6 69. Ke2 Bd7 70. Kf2 Be6 71. Ke3 Bd7 72. Nf4 Be6 73.
Ne2 Bd7 74. Ng3 1/2-1/2

[Event "Blixt-SM 2021"]
[Site "Elite Hotel Marina Plaza, Kungstorget 6, Helsingborg, Sweden"]
[Date "2021.11.14"]
[Round "8.8"]
[White "Strom-Engdahl, Alexander"]
[Black "Frisk, Ellinor"]
[Result "1-0"]
[TimeControl "3 minutes + 2 seconds per move."]
[BlackTitle "WIM"]
[WhiteFideId "1741586"]
[BlackFideId "1708481"]
[WhiteElo "1783"]
[BlackElo "2142"]

1. d4 d5 2. Nf3 Nf6 3. Bf4 c5 4.
e3 Nc6 5. Be2 Bg4 6. Nbd2 e6 7. O-O Be7 8. dxc5 Bxc5 9. c4 O-O 10. Rc1 Be7 11. a3 Rc8 12. b4 dxc4 13. Nxc4 Qxd1 14.
Rfxd1 Nd5 15. Bg3 Rfd8 16. e4 Nf6 17. e5 Rxd1+ 18. Rxd1 Nd5 19. Nd6 Rb8 20. Rc1 Kf8 21. b5 Na5 22. Nd4 Bxe2 23. Nxe2 b6 24. Rc8+ Rxc8 25. Nxc8 Nc4 26. a4 Nb2 27. Nxa7 Nxa4 28. Nd4 Ke8 29. Kf1 Kd7 30. Ke2 Bc5 31. Nb3 Kc7 32. Kd3 Kb7 33.
Nc6 Kc7 34. f3 Nac3 35. Be1 Nxb5 36. Ncd4 Nxd4 37. Nxd4 Bxd4 38. Kxd4 Kc6 39. h4 b5 40.
h5 g6 41. hxg6 hxg6 42. Bd2 Nc7 43. Bb4 Na6 44. Bd6 Nc7 45. Bxc7 Kxc7 46. Kc5 Kd7 47. Kxb5 f6 48. f4 fxe5 49. fxe5 g5 50. g4 Ke7 51. Kc6 Ke8 52. Kd6 Kf7 53. Kd7 1-0

[Event "Blixt-SM 2021"]
[Site "Elite Hotel Marina Plaza, Kungstorget 6, Helsingborg, Sweden"]
[Date "2021.11.14"]
[Round "10.7"]
[White "Neretljak, Nedzad"]
[Black "Rajcevski, Dejan"]
[Result "0-1"]
[TimeControl "3 minutes + 2 seconds per move."]
[WhiteFideId "1713132"]
[BlackFideId "1759027"]
[WhiteElo "2148"]
[BlackElo "1977"]

1. e4 e5 2. d4 exd4 3. c3 Nc6 4. cxd4 d5 5. e5 Bf5 6.
a3 Nge7 7. Nf3 Ng6 8. Nc3 Be7 9. Bd3 Bg4 10. Be2 Qd7 11. Be3 a6 12. b4 O-O 13. h3 Be6 14. h4 f5 15. h5 Nh8 16.
h6 g6 17. Bg5 Nf7 18. Bxe7 Qxe7 19. Qd2 b5 20. Rc1 Ncd8 21. Nd1 c6 22. Ne3 Bd7 23. O-O Ne6 24. Ne1 Nfg5 25. f3 Nf7 26. Rf2 Qh4 27. g4 f4 28.
N3g2 Qxh6 29. Nd3 Nfg5 30. Nc5 Nxc5 31. bxc5 Nh3+ 32. Kf1 Nxf2 33. Kxf2 a5 34. Bd3 Rf7 35. Re1 Qh3 36. e6 Qg3+ 37. Kf1 Qxf3+ 38. Kg1 Bxe6 39. Rxe6 Qxg4 40. Kf2 Qxe6 0-1

[Event "Blixt-SM 2021"]
[Site "Elite Hotel Marina Plaza, Kungstorget 6, Helsingborg, Sweden"]
[Date "2021.11.14"]
[Round "1.8"]
[White "Nilsson, Patrik"]
[Black "Persson, Michael"]
[Result "1-0"]
[TimeControl "3 minutes + 2 seconds per move."]
[WhiteFideId "1708171"]
[BlackFideId "1764179"]
[WhiteElo "2143"]
[BlackElo "1700"]

1. d4 e6 2. Bf4 d5 3. e3 Nf6 4. Nd2 Nc6 5. Ngf3 Be7 6. Ne5 O-O 7. c3 a5 8. Bd3 Bd6 9. Qe2 Re8 10. Rd1 Bd7 11. e4 dxe4 12.
Nxe4 Nxe4 13. Qxe4 f5 14. Qf3 Nxe5 15. dxe5 Bc5 16. O-O b6 17. Bb5 c6 18. Rxd7 Qxd7 19. Bxc6 Qe7 20. Bxa8 Rxa8 21. Qxa8+ Kf7 22.
Qf3 Qd7 23. Rd1 Qe7 24. Qc6 g5 25.
Rd7 1-0

[Event "Blixt-SM 2021"]
[Site "Elite Hotel Marina Plaza, Kungstorget 6, Helsingborg, Sweden"]
[Date "2021.11.14"]
[Round "3.6"]
[White "Andersson, Stefan"]
[Black "Smith, Axel"]
[Result "0-1"]
[TimeControl "3 minutes + 2 seconds per move."]
[BlackTitle "GM"]
[WhiteFideId "1729535"]
[BlackFideId "1707930"]
[WhiteElo "1985"]
[BlackElo "2473"]

1. e4 c5 2. d4 cxd4 3. Nf3 e6 4. c3 Nf6 5. e5 Nd5 6. cxd4 b6 7. Bd3 Be7 8. O-O Bb7 9. Nc3 Nxc3 10. bxc3 d6 11. Bf4 dxe5 12. Nxe5 O-O 13. Rc1 Nd7 14.
h3 Nxe5 15. Bxe5 Bd6 16. Re1 g6 17. Qg4 Rc8 18. h4 Bxe5 19. Rxe5 Qf6 20. h5 Kg7 21. c4 Rfd8 22. Rce1 Rd7 23.
Bb1 Rcd8 24. d5 exd5 25. cxd5 Rxd5 26.
Rxd5 Bxd5 27. Bc2 Bxa2 28. Re3 Rd2 29. Re2 Rxe2 30. Qxe2 Be6 31. Qd3 Qe5 32. Qd4 Qxh5 33. Qf4 Kh6 34. Qh2 Qg5 35. Qc7 Kg7 36. Bd3 Qc5 37. Bc2
0-1

[Event "Blixt-SM 2021"]
[Site "Elite Hotel Marina Plaza, Kungstorget 6, Helsingborg, Sweden"]
[Date "2021.11.14"]
[Round "5.4"]
[White "Rosell, Tomas"]
[Black "Olsson, Linus"]
[Result "0-1"]
[TimeControl "3 minutes + 2 seconds per move."]
[BlackTitle "FM"]
[WhiteFideId "1707132"]
[BlackFideId "1706098"]
[WhiteElo "2070"]
[BlackElo "2204"]

1. e4 c5 2. Nf3 d6 3. Nc3 Nf6 4. d4 cxd4 5. Nxd4 a6 6.
Bc4 e6 7. Bb3 Nbd7 8. O-O Nc5 9. f4 Be7 10.
Qf3 O-O 11. Kh1 Qc7 12. Bd2 b5 13.
a3 Bb7 14. Rae1 Nxb3 15. cxb3 Rfe8 16. Qh3 Bf8 17. e5 Nd7 18.
Nf3 Rad8 19. Ne4 dxe5 20. fxe5 Nxe5 21. Nxe5 Qxe5 22. Nf6+ Qxf6 23. Rxf6 Rxd2 24. Rxf7 Bxg2+ 25. Qxg2 Rxg2 26. Rxf8+ Kxf8 27. Kxg2 e5 28. Kf3 Kf7 29. Ke4 Ke6 30.
Rc1 Rd8 31. Rc6+ Rd6 32. Rc7 Rd4+ 33. Ke3 Rh4 34. Rxg7 Rxh2 35. Ra7 Kd5 36. Rxa6 Rxb2 37. b4 Rb3+ 38. Ke2 Ke4 39. Rh6 Rb2+ 40. Ke1 Kd3 41. Rh3+ Kd4 42. Rxh7 e4 43. Rh8 Kd3 44. Rd8+ Ke3 45. Kf1 Rb1+ 46. Kg2 Ke2 47. Rd5 Rb3 48. Rxb5 Rxa3 49. Rd5 e3 50.
b5 Ra4 51. Kg3 Ke1 52. b6 Rb4 53. Re5 e2 54. Kg2 Rxb6 55. Rg5 Re6 56.
Rg8 Re5 57. Rg7 Kd2 58. Rd7+ Ke3 0-1

[Event "Blixt-SM 2021"]
[Site "Elite Hotel Marina Plaza, Kungstorget 6, Helsingborg, Sweden"]
[Date "2021.11.14"]
[Round "7.2"]
[White "Svensson, Mikael"]
[Black "Nilsson, Patrik"]
[Result "1-0"]
[TimeControl "3 minutes + 2 seconds per move."]
[WhiteFideId "1716433"]
[BlackFideId "1708171"]
[WhiteElo "2073"]
[BlackElo "2143"]

1. d4 f5 2. Nf3 Nf6 3.
e3 g6 4. Be2 Bg7 5. O-O O-O 6. c4 d6 7. Nc3 c6 8. b4 Qc7 9. Qb3 Kh8 10. Bb2 e5 11.
c5 e4 12. cxd6 Qxd6 13. Ne5 Be6 14. Bc4 Nd5 15. Bxd5 cxd5 16. Rac1 Nd7 17. Nb5 Qe7 18. Nxd7 Qxd7 19. a4 a6 20.
Nc7 Rac8 21. Nxe6 Qxe6 22. Rc5 Rfd8 23. Rfc1 Rxc5 24. Rxc5 Bf8 25. Rc3 Rd6 26. b5 axb5 27. axb5 Qd7 28. Ba3 Rf6 29. Bxf8 Rxf8 30. Rc5 Rd8 31.
b6 Rc8 32. Qc2 Rxc5 33. Qxc5 Qa4 34. Qf8# 1-0

[Event "Blixt-SM 2021"]
[Site "Elite Hotel Marina Plaza, Kungstorget 6, Helsingborg, Sweden"]
[Date "2021.11.14"]
[Round "8.9"]
[White "Rosell, Tomas"]
[Black "Hansen, Anders"]
[Result "1-0"]
[TimeControl "3 minutes + 2 seconds per move."]
[WhiteFideId "1707132"]
[BlackFideId "1708155"]
[WhiteElo "2070"]
[BlackElo "2027"]

1. e4 d6 2. d4 Nf6 3. Nc3
e5 4. Nf3 Nbd7 5. Bc4 Be7 6. O-O c6 7. a4 O-O 8. Re1 h6 9. Ba2 b6 10. dxe5 dxe5 11. Nh4 Qc7 12. Nf5 Nc5 13. Nxh6+ gxh6 14. Bxh6 Bg4 15. Qd2 Bh5 16. Qg5+ Bg6 17. Qxg6+ 1-0

[Event "Blixt-SM 2021"]
[Site "Elite Hotel Marina Plaza, Kungstorget 6, Helsingborg, Sweden"]
[Date "2021.11.14"]
[Round "10.8"]
[White "Terochin, Piotr"]
[Black "Svensson, Mikael"]
[Result "1-0"]
[TimeControl "3 minutes + 2 seconds per move."]
[WhiteFideId "1113682"]
[BlackFideId "1716433"]
[WhiteElo "1779"]
[BlackElo "2073"]

1. e4 e6 2. d4 d5 3. Nd2 h6 4. Ngf3 Nf6 5. e5 Nfd7 6. Bd3 c5 7. c3 Nc6 8. O-O g5 9. Ne1 cxd4 10. cxd4 Nxd4 11. f4 Bc5 12. Kh1 gxf4 13. Nb3 Nxb3 14. axb3 Nxe5 15. Bb5+ Bd7 16. Qe2 Be3 17. Bxe3 fxe3 18.
Bxd7+ Qxd7 19. Qxe3 Nc6 20. Qc5 Qe7 21. Qc3 Rg8 22. Rc1 Qg5 23. b4 Nxb4 24. Qxb4 Qxc1 25. Qxb7 f6 26. Qxa8+ Kf7 27. Qxa7+ Kg6 28. Qd4 e5 29.
Qxd5 Rc8 30. b3 Qb2 31. Qe6 Rc1 32. Qxf6+ Kh7 33. h3 Qd2 34. Qf7+ Kh8 35. Qf6+ Kh7 36. Qxe5 Rb1 37. Rf7+ Kg6 38. Rg7# 1-0

[Event "Blixt-SM 2021"]
[Site "Elite Hotel Marina Plaza, Kungstorget 6, Helsingborg, Sweden"]
[Date "2021.11.14"]
[Round "12.6"]
[White "Rosell, Tomas"]
[Black "Troedsson, Anton"]
[Result "1-0"]
[TimeControl "3 minutes + 2 seconds per move."]
[WhiteFideId "1707132"]
[BlackFideId "1746006"]
[WhiteElo "2070"]
[BlackElo "2104"]

1. e4 c6 2. d4 d5 3. Nc3 dxe4 4. Nxe4 Nf6 5. Nxf6+ exf6 6. c3 Bd6 7. Bd3 O-O 8. Qc2 Re8+ 9. Be3 h5 10. O-O-O Be6 11. Kb1 Qa5 12. b3 b5 13. Ne2 Qc7 14. g3 Nd7 15. h3 a5 16. Nf4 a4 17. b4 Nb6 18.
Nxh5 Bd5 19. Rhg1 Bf3 20. g4 Bxd1 21. Qxd1 Nd5 22. Bd2 g6 23. g5 f5 24.
Nf6+ Nxf6 25. gxf6 Bf4 26. Bxf5 Qd6 27. Bxg6 fxg6 28. Rxg6+ Kf7 29. Qh5 Rh8 30. Rg7+ Ke6 31. Qg4+ Kd5 32. Bxf4 Qxf6 33. Rd7+ Kc4 34. Qe2+ Kxc3 35. Qc2+ Kxb4 36. Bd2+ Ka3 37. Qb2# 1-0

[Event "Blixt-SM 2021"]
[Site "Elite Hotel Marina Plaza, Kungstorget 6, Helsingborg, Sweden"]
[Date "2021.11.14"]
[Round "1.9"]
[White "Kvisth, Bengt"]
[Black "Frisk, Ellinor"]
[Result "0-1"]
[TimeControl "3 minutes + 2 seconds per move."]
[BlackTitle "WIM"]
[WhiteFideId "1728822"]
[BlackFideId "1708481"]
[WhiteElo "1697"]
[BlackElo "2142"]

1. d4 Nf6 2. c4 c5 3. d5 b5 4.
cxb5 a6 5. b6 g6 6. Nc3 Bg7 7. Nf3 O-O 8. e4 d6 9. h3 Nbd7 10. Bd3 Nxb6 11. O-O Nfd7 12. Bd2 Ne5 13. Nxe5 Bxe5 14.
Rc1 a5 15. Bh6 Re8 16. Bb5 Bd7 17. Bxd7 Qxd7 18. b3 a4 19. Be3 axb3 20. axb3 Reb8 21. Qc2 Qb7 22. f4 Bg7 23. Qf2 Nd7 24. e5 dxe5 25. fxe5 Nxe5 26. Rfd1 Qxb3 27. Bxc5 Rc8 28.
Bd4 Nc4 29. Bxg7 Kxg7 30. Rf1 Ne5 31.
Ne4 Ra2 32. Qf4 Rxc1 33. Rxc1 Nd3 34. Rf1 Nxf4 35. Rxf4 Qd1+ 0-1

[Event "Blixt-SM 2021"]
[Site "Elite Hotel Marina Plaza, Kungstorget 6, Helsingborg, Sweden"]
[Date "2021.11.14"]
[Round "3.7"]
[White "Storme, Isak"]
[Black "Mauritsson, Sebastian"]
[Result "1-0"]
[TimeControl "3 minutes + 2 seconds per move."]
[WhiteTitle "FM"]
[BlackTitle "FM"]
[WhiteFideId "1728113"]
[BlackFideId "1707892"]
[WhiteElo "2037"]
[BlackElo "2390"]

1. d4 d5 2. Bf4 Nf6 3. e3 c5 4. Nf3 Nc6 5. Nbd2 cxd4 6. exd4 Bf5 7. c3 e6 8. Nb3 Bd6 9. Bxd6 Qxd6 10.
Bd3 Bxd3 11. Qxd3 Ne4 12. O-O O-O 13. Rfe1 Rab8 14. a4 b6 15. Nfd2 Nxd2 16. Qxd2 Na5 17. Qc2 Nc4 18. Nc1 Qc6 19.
Nd3 a6 20. h4 b5 21. axb5 axb5 22. b4 Ra8 23. Nc5 h6 24. g3 Rfb8 25. Kh2 Qe8 26. Qe2 Rxa1 27. Rxa1 Ra8 28. Ra2 Qd8 29.
Qc2 Rxa2 30. Qxa2 Qf6 31. Kg2 Qf5 32. Qa8+ Kh7 33. Nd7 Qe4+ 34. Kh2 h5 35. Nf8+ Kh6 36. Nd7 Kh7 37. Qd8 Qf3 38. Nf8+ Kg8 39. Nxe6+ Kh7 40. Ng5+ 1-0

[Event "Blixt-SM 2021"]
[Site "Elite Hotel Marina Plaza, Kungstorget 6, Helsingborg, Sweden"]
[Date "2021.11.14"]
[Round "5.5"]
[White "Abedinov, Adnan"]
[Black "Svensson, Mikael"]
[Result "0-1"]
[TimeControl "3 minutes + 2 seconds per move."]
[WhiteFideId "1703544"]
[BlackFideId "1716433"]
[WhiteElo "2170"]
[BlackElo "2073"]

1. c4 f5 2. Nc3 Nf6 3.
g3 d6 4. Bg2 e5 5. d4 Be7 6.
Nf3 e4 7. Ng5 O-O 8. d5 h6 9. Nh3 g5 10. Ng1 Nbd7 11. h4 Ng4 12. hxg5 hxg5 13. f3 exf3 14. exf3 Nge5 15. b3 Nc5 16. Bf1 Bf6 17. Bb2 Qe7 18.
Kf2 Re8 19. Qd2 Bd7 20. Re1 Ned3+ 21. Bxd3 Nxd3+ 22. Qxd3 Qxe1+ 23. Kg2 Re3 24. Qd1 Bxc3 25. Qxe1 Bxe1 26. Rh8+ Kf7 27. Rxa8 Rd3 28. Kf1 Bxg3 29.
Ne2 Rd1+ 30. Kg2 f4 31.
Nxg3 Rd2+ 32. Kg1 fxg3 33. Bc3 Rc2 34. Bd4 Bh3 35. Be3 Re2 0-1

[Event "Blixt-SM 2021"]
[Site "Elite Hotel Marina Plaza, Kungstorget 6, Helsingborg, Sweden"]
[Date "2021.11.14"]
[Round "7.3"]
[White "Rasti, Arvin"]
[Black "Olsson, Linus"]
[Result "0-1"]
[TimeControl "3 minutes + 2 seconds per move."]
[BlackTitle "FM"]
[WhiteFideId "1741160"]
[BlackFideId "1706098"]
[WhiteElo "2054"]
[BlackElo "2204"]

1. d4 Nf6 2. c4 e5 3. dxe5 Ne4 4.
a3 d6 5.
Nd2 Nxd2 6. Qxd2 dxe5 7. Qxd8+ Kxd8 8. g3 Nc6 9. e3 a5 10. Bd2 Bd6 11. O-O-O Ke7 12. f4 Bf5 13. Bg2 e4 14.
Bc3 f6 15. Ne2 h5 16. h3 Kf7 17.
Rd5 Be6 18. Rd2 f5 19. h4 Bxc4 20. Bh3 Kg6 21. Rhd1 Bb3 22. Rg1 Rhd8 23. Nd4 Nxd4 24. Bxd4 Be7 25. Bf1 c5 26. Bc3 Rxd2 27.
Bxd2 Rd8 28. Be2 b6 29. Bc3 Bf6 30. Bxf6 Kxf6 31. Bxh5 Rd3 32. Re1 b5 33. Be8 b4 34. axb4 axb4 35. Bc6 c4 36.
g4 c3 37. bxc3 bxc3 38. Bb5 Rd2 39.
g5+ Ke7 0-1

[Event "Blixt-SM 2021"]
[Site "Elite Hotel Marina Plaza, Kungstorget 6, Helsingborg, Sweden"]
[Date "2021.11.14"]
[Round "9.1"]
[White "Jepson, Christian"]
[Black "Storme, Isak"]
[Result "1/2-1/2"]
[TimeControl "3 minutes + 2 seconds per move."]
[WhiteTitle "IM"]
[BlackTitle "FM"]
[WhiteFideId "1701185"]
[BlackFideId "1728113"]
[WhiteElo "2412"]
[BlackElo "2037"]

1. Nf3 d5 2. c4 e6 3. g3 Nf6 4. Bg2 Be7 5. O-O O-O 6. b3 b6 7. Bb2 Bb7 8. e3 Nbd7 9. Nc3 c5 10. Qe2 Re8 11. Rfd1 Qc7 12.
Nb5 Qb8 13. Rac1 a6 14. Nc3 Bc6 15. cxd5 Nxd5 16. d4 Nxc3 17. Bxc3 Qb7 18. Ne1 Bxg2 19. Nxg2 Rac8 20. dxc5 Nxc5 21.
Qg4 Bf8 22. Bd4 Ne4 23. Nh4 Rxc1 24. Rxc1 f5 25. Qf3 Rc8 26. Qd1 Rxc1 27. Qxc1 Ng5 28. f3 Nxf3+ 29. Nxf3 Qxf3 30. Qc8 Qd1+ 31. Kg2 Qe2+ 32. Kg1 Qd1+ 33. Kg2 Qe2+ 34. Kg1 Qe1+ 35. Kg2 Qe2+ 1/2-1/2

[Event "Blixt-SM 2021"]
[Site "Elite Hotel Marina Plaza, Kungstorget 6, Helsingborg, Sweden"]
[Date "2021.11.14"]
[Round "10.9"]
[White "Makinen, Janne"]
[Black "Frisk, Ellinor"]
[Result "0-1"]
[TimeControl "3 minutes + 2 seconds per move."]
[BlackTitle "WIM"]
[WhiteFideId "1704036"]
[BlackFideId "1708481"]
[WhiteElo "2004"]
[BlackElo "2142"]

1. d4 d5 2. c4 c6 3. Nc3 e5 4. cxd5 cxd5 5. dxe5 d4 6. Ne4 Qa5+ 7. Nd2 Nc6 8. Ngf3 Nxe5 9. Nxe5 Qxe5 10. Nf3 Bb4+ 11. Bd2 Qa5 12. a3 Bxd2+ 13. Qxd2 Qxd2+ 14. Kxd2 Bg4 15. Nxd4 O-O-O 16. e3 Nf6 17. f3 Bh5 18. Rc1+ Kb8 19. Bd3 Rhe8 20. Rhd1 Nd5 21. Be4 Nb6 22.
g4 Bg6 23. Bxg6 hxg6 24. Ke2 Nd5 25. e4 Nf4+ 26. Kf2 Rc8 27.
Rxc8+ Rxc8 28. Rd2 Rc1 29. Nb5 b6 30.
Nd6 f6 31. Nb5 Rb1 32. h4 Rxb2 33. Rxb2 Nd3+ 34. Ke3 Nxb2 35. Nd6 Kc7 36. Ne8+ Kd7 37. Nxg7 Nc4+ 38. Kd4 Nxa3 39. h5 gxh5 40. gxh5 Ke7 41. h6 Kf7 42. Nf5 Kg6 43. f4 Nb5+ 44. Kc4 Nc7 45. Kb4 a5+ 46. Ka4 Ne6 47. Ne7+ Kxh6 48. f5 Nc5+ 49. Kb5 Nxe4 50. Nd5 Kg5 0-1

[Event "Blixt-SM 2021"]
[Site "Elite Hotel Marina Plaza, Kungstorget 6, Helsingborg, Sweden"]
[Date "2021.11.14"]
[Round "12.7"]
[White "Neretljak, Nedzad"]
[Black "Svensson, Mikael"]
[Result "1-0"]
[TimeControl "3 minutes + 2 seconds per move."]
[WhiteFideId "1713132"]
[BlackFideId "1716433"]
[WhiteElo "2148"]
[BlackElo "2073"]

1. e4 e6 2. d4 d5 3. e5 c5 4.
c3 Ne7 5. Nf3 Nec6 6. a3 a5 7. Bd3 b6 8. O-O Ba6 9. Bxa6 Nxa6 10. Re1 Be7 11. Nbd2 Qc7 12. Nf1 O-O 13. Ng3 b5 14. Nh5 b4 15. h3 Rab8 16. Nh2 Qb6 17. Qg4 g6 18. Nf6+ Bxf6 19.
exf6 e5 20. dxe5 Nd8 21. Qg5 Ne6 22. Qh6 bxc3 23. bxc3 d4 24. Re4 1-0

[Event "Blixt-SM 2021"]
[Site "Elite Hotel Marina Plaza, Kungstorget 6, Helsingborg, Sweden"]
[Date "2021.11.14"]
[Round "2.1"]
[White "Smith, Axel"]
[Black "Storme, Isak"]
[Result "1/2-1/2"]
[TimeControl "3 minutes + 2 seconds per move."]
[WhiteTitle "GM"]
[BlackTitle "FM"]
[WhiteFideId "1707930"]
[BlackFideId "1728113"]
[WhiteElo "2473"]
[BlackElo "2037"]

1. e4 e6 2. d4 d5 3. exd5 exd5 4. Nf3 Nf6 5. Bd3 c5 6. O-O c4 7. Re1+ Be7 8. Bf1 O-O 9. b3 cxb3 10. axb3 Nc6 11. Bd3 Bg4 12. c3 a6 13. Nbd2 Bd6 14. Nf1 Qc7 15. h3 Bh5 16.
Bg5 Nd7 17. Ne3 Nb6 18. Nf5 Bg6 19. N3h4 Rfe8 20. Qf3 Bf8 21. Bf4 Qd7 22. g4 Rxe1+ 23. Rxe1 Re8 24. Rxe8 Qxe8 25. Nxg6 hxg6 26. Ne3 Qd7 27. Qg3 Na5 28.
b4 Nac4 29. Nxc4 Nxc4 30. Qf3 Qc6 31. Kg2 b6 32. h4 a5 33. bxa5 bxa5 34. h5 gxh5 35. gxh5 a4 36. Bc1 a3 37. Bxc4 Qxc4 38. h6 gxh6 39.
Qg4+ Kh7 40. Qf5+ Kg7 41. Qg4+ Kh8 42. Qf3 a2 43. Qxf7 Bg7 44. Bb2 Qb3 45. Ba1 Qb1 46. Qxd5 Qxa1 47. Qa8+ Kh7 48. Qe4+ Kg8 49. Qe6+ Kf8 50. Qd6+ Kf7 51. Qd7+ Kg6 52. Qe6+ Bf6 53. Qe4+ Kf7 54. Qd5+ Ke7 55. Qc5+ Ke8 56. Qc6+ Kf7 57. Qd5+ Kg7 58. Qb7+ Kh8 59. Qa8+ Kh7 60. Qe4+ Kg7 61. Qb7+ Kg6 62. Qe4+ Kf7 63. Qd5+ Ke7 64. Qb7+ Kd8 65. Qb8+ Kd7 66. Qb7+ Ke8 67. Qc6+ Ke7 1/2-1/2